 Dungeon Crawl Stone Soup version 0.31-a0-1278-g11c5b68f87 (webtiles) character file.

Game seed: 12804799203334550710

2181 clenchingflame the Spear-Bearer (level 9, 0/77 HPs)
             Began as a Hill Orc Monk on Dec 18, 2023.
             Was an Elder of Beogh.
             Slain by a warg (21 damage)
             ... on level 8 of the Dungeon.
             The game lasted 00:44:21 (5895 turns).

clenchingflame the Spear-Bearer (Hill Orc Monk)     Turns: 5895, Time: 00:44:22

Health: 0/77       AC:  8    Str: 24    XL:     9   Next: 33%
Magic:  12/12      EV: 12    Int: 10    God:    Beogh [****..]
Gold:   405        SH:  0    Dex: 16    Spells: 4/8 levels left

rFire   + . .        q - +0 trident
rCold   . . .        d - orb {light}
rNeg    + . .        l - +3 ring mail of Experimentation {rN+ Dex+3}
rPois   .            (no helmet)
rElec   .            (no cloak)
rCorr   .            (no gloves)
SInv    .            (no boots)
Will    .....        (no amulet)
Stlth   +            e - ring of protection from fire
HPRegen 0.32/turn    B - +6 ring of strength
MPRegen 0.13/turn

%: no passive effects
@: glowing
A: no striking features
a: Renounce Religion, Smiting, Recall Orcish Followers


You were on level 8 of the Dungeon.
You worshipped Beogh.
Beogh was greatly pleased with you.
You visited 1 branch of the dungeon, and saw 8 of its levels.
You also visited: Ossuary.

You collected 405 gold pieces.

Inventory:

Hand Weapons
 a - a +1 spear of venom
 q - a +0 trident (weapon)
Missiles
 f - 49 stones (quivered)
 k - 6 javelins
Armour
 d - an orb of light (worn)
 i - a +0 leather armour
 l - the +3 ring mail of Experimentation (worn) {rN+ Dex+3}
   (You found it on level 2 of the Dungeon)

   Dex+3:     It affects your dexterity (+3).
   rN+:       It protects you from negative energy.
Jewellery
 e - a ring of protection from fire (left hand)
 h - a +4 ring of protection
 u - a ring of see invisible
 B - a +6 ring of strength (right hand)
Wands
 g - a wand of flame (19)
 y - a wand of mindburst (15)
Scrolls
 b - a scroll of torment
 j - a scroll of identify
 m - 3 scrolls of immolation
 n - 2 scrolls of poison
 o - 5 scrolls of teleportation
 t - 2 scrolls of amnesia
 A - 2 scrolls of noise
Potions
 c - 2 potions of ambrosia
 p - 2 potions of magic {unknown}
 r - 3 potions of curing
 s - a potion of mutation {unknown}
 v - a potion of invisibility {unknown}
 w - 2 potions of attraction {unknown}
 x - 3 potions of lignification
 z - 2 potions of might {unknown}


   Skills:
 + Level 6.3 Fighting
 * Level 11.4 Polearms
 - Level 4.1 Armour
 - Level 2.4 Dodging
 - Level 4.0 Invocations


You had 4 spell levels left.
You knew the following spells:

 Your Spells              Type           Power      Damage    Failure   Level
a - Anguish               Hex/Necr       0%         N/A       99%         4

Your spell library contained the following spells:

 Spells                   Type           Power      Damage    Failure   Level
 Freeze                   Ice            0%         1d3       50%         1
 Sting                    Tmut/Pois      0%         1d3       50%         1
 Cigotuvi's Dreadful Rot  Necr/Pois/Air  0%         N/A       65%         2
 Ensorcelled Hibernation  Hex/Ice        0%         N/A       65%         2
 Jinxbite                 Hex            0%         N/A       65%         2
 Frozen Ramparts          Ice            0%         1d1       86%         3
 Hailstorm                Conj/Ice       0%         3d5       86%         3
 Ignite Poison            Fire/Tmut/Pois 0%         N/A       86%         3
 Petrify                  Tmut/Erth      0%         N/A       99%         4
 Freezing Cloud           Conj/Ice/Air   0%         6-21      100%        5
 Yara's Violent Unravell  Hex/Tmut       0%         3d3       100%        5


Dungeon Overview and Level Annotations

Branches:
Dungeon (9/15)             Temple (0/1) D:6            Lair (0/5) D:8
Ossuary (visited)
    Orc: D:9-12

Altars:
Cheibriados
Fedhas
Yredelemnul
Beogh

Annotations:
D:6 2 runed translucent doors, Curundu's ghost, novice DrBe


Message History

The wolf is heavily wounded.
The wolf bites you. The wolf misses you. The warg misses you.
Your orc priest hits the orc but does no damage.
The wolf closely misses you. The wolf barely misses you.
You puncture the wolf!
The wolf is severely wounded.
The warg closely misses you. The wolf bites you!
The wolf bites you but does no damage.
You puncture the wolf!
You kill the wolf!
Beogh accepts your kill.
Your orc priest barely misses the orc.
The orc wizard closely misses your orc priest.
The warg bites you!! The wolf bites you.
You hit the warg.
The warg is lightly wounded.
The wolf closely misses you. The warg bites you!
Your orc wizard points at the wolf and mumbles some strange words.
The wolf resists with some effort.
Your orc seems less confused.
The wolf attacks as it pursues you! The wolf barely misses you.
Your orc priest hits the wolf but does no damage.
You puncture the orc wizard!
The orc wizard is almost dead.
The wolf closely misses your orc wizard.
The warg bites you!
Your orc wizard hits the wolf but does no damage.
Your orc priest hits the wolf with a +0 club.
The orc wizard gestures at you while chanting.
The magic dart hits you!
* * * LOW HITPOINT WARNING * * *
It was a potion of curing.
You feel better. The wolf bites your orc wizard! x2
Your orc wizard dies!
Your orc priest barely misses the wolf.
The orc wizard misses you.
You hit the orc wizard.
You kill the orc wizard!
Beogh accepts your kill. The wolf closely misses you.
The warg attacks as it pursues you! The warg closely misses you.
The wolf closely misses you. The warg bites you!!
You die...

##.....##
#.......# .
##..P....#..
####...........
...............
#.....>......
#.oho.......
#..P@.......
##oh.....#..
#.......#
##.....##
##...## ##....
###.. .## #


You could see a warg, a wolf (ally target), an orc (ally target), a friendly orc
priest and a friendly orc.

Vanquished Creatures
  Prince Ribbit (D:6)
  Duvessa (D:5)
  A black bear (D:6)
  An orc warrior (D:6)
  A sky beast (D:6)
  An ogre (D:5)
  A wolf (D:8)
  A centaur (D:5)
  3 scorpions
  3 water moccasin zombies (Ossuary)
  Dowan (D:5)
  A howler monkey (D:4)
  2 bullfrog zombies (Ossuary)
  4 centaur zombies (Ossuary)
  A hound (D:4)
  2 jellies (D:5)
  3 orc priests
  A sleepcap (D:4)
  An iguana (D:5)
  Ijyb (D:3)
  6 orc wizards
  15 mummies (Ossuary)
  2 howler monkey zombies (Ossuary)
  5 adders
  2 white imps
  2 worms
  2 dart slugs (D:4)
  12 orcs
  7 bats
  10 endoplasms
  2 giant cockroaches (D:1)
  13 goblins
  14 hobgoblins
  5 jackals
  6 kobolds
  4 quokkas
  8 ball pythons
  6 frilled lizards
  12 rats
164 creatures vanquished.

Vanquished Creatures (collateral kills)
  An orc wizard (D:6)
  2 adders (D:5)
  A worm (D:4)
  An orc (D:5)
  A jackal (D:5)
  A quokka (D:5)
  A kobold (D:4)
8 creatures vanquished.

Vanquished Creatures (others)
  3 orc wizards
  9 orcs
  A goblin (D:3)
13 creatures vanquished.

Grand Total: 185 creatures vanquished

Notes
Turn   | Place    | Note
-------+----------+-------------------------------------------
     0 | D:1      | clenchingflame the Hill Orc Monk began the quest for the
                  | Orb.
     0 | D:1      | Reached XP level 1. HP: 19/19 MP: 1/1
   155 | D:1      | Reached XP level 2. HP: 21/27 MP: 2/2
   303 | D:1      | Reached skill level 4 in Polearms
   491 | D:1      | Reached XP level 3. HP: 33/33 MP: 3/3
   618 | D:1      | Found a faded altar of an unknown god.
   770 | D:2      | Identified the +3 ring mail of Experimentation {rN+ Dex+3}
  1110 | D:2      | Reached XP level 4. HP: 31/40 MP: 4/4
  1313 | D:2      | Reached skill level 1 in Armour
  1467 | D:2      | Found a blossoming altar of Fedhas.
  1771 | D:3      | Became a worshipper of Beogh the Brigand
  1771 | D:3      | Reached * piety under Beogh
  1771 | D:3      | Reached ** piety under Beogh
  2147 | D:3      | Reached skill level 5 in Polearms
  2249 | D:3      | Noticed Ijyb
  2272 | D:3      | Killed Ijyb
  2273 | D:3      | Reached XP level 5. HP: 38/46 MP: 5/5
  2385 | D:3      | Found a roughly hewn altar of Beogh.
  2934 | D:3      | Reached skill level 6 in Polearms
  2976 | D:3      | Got the Atlas of Ice and Teratogeny
  3021 | D:4      | Reached XP level 6. HP: 44/52 MP: 6/6
  3087 | D:4      | Reached *** piety under Beogh
  3189 | D:4      | Reached skill level 7 in Polearms
  3235 | D:4      | Reached XP level 7. HP: 59/59 MP: 7/7
  3612 | D:4      | Found a snail-covered altar of Cheibriados.
  3987 | D:5      | Entered Level 5 of the Dungeon
  4157 | D:5      | Reached skill level 1 in Invocations
  4234 | D:5      | Reached skill level 8 in Polearms
  4278 | D:5      | Noticed Duvessa
  4278 | D:5      | Noticed Dowan
  4287 | D:5      | Killed Dowan
  4300 | D:5      | Killed Duvessa
  4560 | D:5      | Reached XP level 8. HP: 61/66 MP: 8/10
  4654 | D:6      | Noticed Prince Ribbit
  4661 | D:6      | Killed Prince Ribbit
  4662 | D:6      | Reached skill level 9 in Polearms
  4678 | D:6      | Found a sand-covered staircase.
  4683 | Ossuary  | Entered an ossuary
  4730 | Ossuary  | Reached **** piety under Beogh
  4858 | Ossuary  | Reached skill level 10 in Polearms
  5004 | Ossuary  | Reached skill level 5 in Fighting
  5285 | Ossuary  | Reached XP level 9. HP: 70/74 MP: 12/12
  5669 | D:6      | Found a basalt altar of Yredelemnul.
  5680 | D:6      | Reached skill level 11 in Polearms
  5717 | D:6      | Found a large runed translucent door.
  5717 | D:6      | Found a large runed translucent door.
  5719 | D:6      | Noticed Curundu's ghost (novice DrBe)
  5727 | D:6      | Learned a level 4 spell: Anguish
  5832 | D:6      | You fall into a shaft and drop 3 floors!
  5882 | D:8      | Found a staircase to the Lair.
  5895 | D:8      | Slain by a warg

Illustrated notes

Levels and vault maps discovered:
D:1:      matt_arrival_spirals, layout_basic,
          hellmonk_ecumenical_altar_leap_of_faith, minmay_pentomino_x4
D:2:      layout_basic, basic_altar, minmay_misc_feat_chi
D:3:      kennysheep_goblin_castle, layout_basic, kennysheep_orc_chapel
D:4:      layout_basic, slow_altar_2, serial_forest,
          infiniplex_forest_clump_long, infiniplex_forest_clump_small,
          infiniplex_forest_lined_2, infiniplex_forest_lined_1,
          chequers_serial_rivers_micro_c, bh_walls_and_bars, uniq_ijyb
D:5:      dreamdust_elfheim, layout_rooms, serial_park_tiny_2
D:6:      layout_rooms, mainiacjoe_overflow_catwalk,
          nicolae_overflow_hidden_temple, minmay_temple_entry_slanted,
          serial_rivers, chequers_serial_rivers_small_a,
          chequers_serial_rivers_marsh, chequers_serial_rivers_marsh,
          chequers_serial_rivers_micro_d, enter_ossuary_2,
          ebering_ghost_disaster_area,
          serial_library_regret_index_branch_corner, corexii_hall_statues_l,
          water_boxes_lemuel, uniq_prince_ribbit1
D:8:      layout_basic, erik_lair_orcish_takeover, ebering_ghost_xom
D:9:      layout_irregular_city, uniq_erolcha, uniq_maggie

Skill      XL: |  1  2  3  4  5  6  7  8  9 |
---------------+----------------------------+-----
Fighting       | 4 5 6 |  6.3
Polearms       | 4 5 6 7 8 10 11 | 11.4
Armour         | 1 2 3 4 |  4.1
Invocations    | 3 4 |  4.0
Dodging        | |  2.4

Action                     |  1- 3 |  4- 6 |  7- 9 || total
---------------------------+-------+-------+-------++-------
  Melee: Spear             |   151 |   190 |   418 ||   759
         Trident           |       |       |    44 ||    44
 Invoke: Convert to Beogh  |       |     1 |       ||     1
    Use: Scroll            |     3 |     4 |     9 ||    16
         Potion            |       |     1 |     3 ||     4
   Stab: Confused          |       |       |     2 ||     2
         Distracted        |       |       |     2 ||     2
 Armour: Robe              |    11 |       |       ||    11
         Leather armour    |    12 |       |       ||    12
         Skin              |     3 |       |       ||     3
         Ring mail         |    15 |    85 |   182 ||   282
  Dodge: Dodged            |    45 |    81 |   151 ||   277

Table legend: (Time is in decaauts)
 A = Elapsed time spent in this place.
 B = Non-inter-level travel time spent in this place.
 C = Inter-level travel time spent in this place.
 D = Time resting spent in this place.
 E = Time spent auto-exploring this place.
 F = Levels seen in this place.
 G = Mean time per level.
                   A        B        C        D        E       F      G
               +--------+--------+--------+--------+--------+-----+--------+
         Total |   5700 |   5602 |     98 |   1173 |   2919 |   9 |  633.3 |
       Dungeon |   4964 |   4866 |     98 |    857 |   2789 |   8 |  620.5 |
       Ossuary |    736 |    736 |      0 |    316 |    130 |   1 |  736.0 |
               +--------+--------+--------+--------+--------+-----+--------+

Top non-repeatable levels by time:
     D:3: 1322 daAuts
     D:4: 964 daAuts
     D:2: 882 daAuts
     D:1: 760 daAuts
 Ossuary: 736 daAuts
     D:5: 612 daAuts
     D:6: 362 daAuts
     D:9: 48 daAuts
     D:8: 10 daAuts
